 Dungeon Crawl Stone Soup version 0.17-a0-1984-g55f5988 (webtiles) character file.

538 Umaruun the Covered (level 7, 0/60 HPs)
             Began as a Minotaur Fighter on Oct 6, 2015.
             Was an Initiate of the Shining One.
             Succumbed to a scorpion's poison
             ... on level 6 of the Dungeon.
             The game lasted 00:15:03 (3524 turns).

Umaruun the Covered (Minotaur Fighter)              Turns: 3524, Time: 00:15:03

Health: 0/60       AC:  8    Str: 22    XL:     7   Next: 5%
Magic:  6/6        EV:  9    Int:  5    God:    the Shining One [......]
Gold:   288        SH: 10    Dex: 10    Spells: 0 memorised, 6 levels left

rFire  . . .     SeeInvis .     a - +0 long sword
rCold  . . .     Clarity  .     b - +0 scale mail
rNeg   . . .     SustAt   +     c - +0 shield
rPois  .         Gourm    .     (helmet restricted)
rElec  .         Spirit   .     (no cloak)
rCorr  .         Warding  .     y - +0 pair of gloves
rMut   .         Stasis   .     (no boots)
MR     .....                    (no amulet)
Stlth  ..........               (no ring)
                                k - ring of sustain attributes

@: lethally poisoned (0 -> -8), not resistant to hostile enchantments, extremely
unstealthy
A: retaliatory headbutt, horns 2
a: Renounce Religion


You were on level 6 of the Dungeon.
You worshipped the Shining One.
The Shining One was noncommittal.
You were not hungry.

You visited 1 branch of the dungeon, and saw 6 of its levels.

You collected 288 gold pieces.

Inventory:

Hand Weapons
 a - a +0 long sword (weapon)
Armour
 b - a +0 scale mail (worn)
 c - a +0 shield (worn)
 y - a +0 pair of gloves (worn)
Jewellery
 k - a ring of sustain attributes (left hand)
Wands
 i - a wand of fireball (5)
Scrolls
 f - 4 scrolls of remove curse {unknown}
 j - a scroll of teleportation {unknown}
 l - 2 scrolls of magic mapping {unknown}
 n - 6 scrolls of identify {unknown}
 o - a scroll of fog {unknown}
 q - a scroll of enchant weapon {unknown}
 s - a scroll of blinking {unknown}
 u - a scroll of enchant armour {unknown}
 v - a scroll of vulnerability {unknown}
 w - a scroll of recharging {unknown}
Potions
 d - 2 potions of might
 g - 2 potions of poison {unknown}
 m - a potion of haste {unknown}
 p - a potion of resistance {unknown}
 r - a potion of mutation {unknown}
 t - a potion of agility {unknown}
 x - 2 potions of cure mutation
Comestibles
 e - 3 bread rations
 h - a slice of pizza


   Skills:
 + Level 4.6 Fighting
 + Level 4.0 Long Blades
 + Level 5.8 Armour
 + Level 3.7 Dodging
 + Level 0.1 Stealth
 + Level 5.7 Shields


You had 6 spell levels left.
You didn't know any spells.

Dungeon Overview and Level Annotations

Branches:
Dungeon (6/15)
 Temple: D:4-7

Altars:
Cheibriados
Elyvilon
Qazlal
Trog
Xom
The Shining One


Innate Abilities, Weirdness & Mutations

You reflexively headbutt those who attack you in melee.
You have a pair of horns on your head.


Message History

* * * LOW HITPOINT WARNING * * *
You feel sick. The scorpion stings you.
* * * LOW HITPOINT WARNING * * *
You hit the scorpion but do no damage. You headbutt the scorpion!
The scorpion is moderately wounded.
* * * LOW HITPOINT WARNING * * *
You feel sick. The scorpion closely misses you. You furiously retaliate!
You headbutt the scorpion! You completely miss the scorpion.
The scorpion is severely wounded.
* * * LOW HITPOINT WARNING * * *
You feel sick.
The scorpion stings you but does no damage. x2
You hit the scorpion but do no damage. You headbutt the scorpion!
You kill the scorpion!
Your Long Blades skill increases to level 4!
You have reached level 7!
* * * LOW HITPOINT WARNING * * *
You feel sick.
You die...

....... .......
...... .....#.
.....# ....Z..
..#..# ..$....
.....## .....
..#....
##..#######.....#
#...<..........>#
...........†.@..####
.......##########
.!....# ......
######


There were no monsters in sight!

Vanquished Creatures
  2 scorpions
  A crimson imp (D:5)
  An orc wizard (D:4)
  A centaur skeleton (D:6)
  3 hounds
  A killer bee zombie (D:6)
  An iguana (D:4)
  2 worker ants (D:4)
  4 gnolls (D:5)
  4 adders (D:2)
  An ooze (D:3)
  An adder skeleton (D:4)
  2 worms
  7 orcs (D:4)
  2 ball pythons
  10 bats
  2 giant cockroaches
  5 goblins
  8 hobgoblins
  4 quokkas
  4 giant newts
  6 jackals
  4 kobolds
  2 quokka skeletons
  7 rats
85 creatures vanquished.

Notes
Turn   | Place    | Note
--------------------------------------------------------------
     0 | D:1      | Umaruun the Minotaur Fighter began the quest for the Orb.
     0 | D:1      | Reached XP level 1. HP: 19/19 MP: 0/0
   349 | D:1      | Reached XP level 2. HP: 22/27 MP: 1/1
   724 | D:2      | Found a stormy altar of Qazlal.
   781 | D:2      | Reached skill level 4 in Shields
   844 | D:2      | Reached XP level 3. HP: 26/33 MP: 2/2
   855 | D:2      | Reached skill level 1 in Dodging
  1205 | D:2      | Found a white marble altar of Elyvilon.
  1419 | D:2      | Reached XP level 4. HP: 40/40 MP: 3/3
  1429 | D:2      | Found a shimmering altar of Xom.
  2083 | D:4      | Reached XP level 5. HP: 42/46 MP: 4/4
  2147 | D:4      | Reached skill level 5 in Armour
  2150 | D:4      | HP: 2/46 [worker ant (1)]
  2208 | D:4      | Found a snail-covered altar of Cheibriados.
  2317 | D:4      | Reached skill level 5 in Shields
  2317 | D:4      | Reached XP level 6. HP: 41/52 MP: 5/5
  2546 | D:5      | Entered Level 5 of the Dungeon
  2767 | D:5      | Found a glowing golden altar of the Shining One.
  2950 | D:5      | Became a worshipper of the Shining One
  3373 | D:5      | Noticed a moth of wrath
  3377 | D:5      | Found a bloodstained altar of Trog.
  3522 | D:6      | HP: 2/53 [poisoned by a scorpion]
  3523 | D:6      | Reached XP level 7. HP: 2/60 MP: 6/6
  3524 | D:6      | Succumbed to a scorpion's poison

Vault maps used:
D:1:      matt_arrival_spirals
D:2:      lemuel_coloured_pillars_altar, nicolae_overflow_hidden_temple,
          old_standard_altar, first_bread
D:4:      lemuel_crystal_altar
D:5:      overflow_temple_1_default, tgw_trog
D:6:      lemuel_doored_altar, temple_doors_e, serial_shops,
          nicolae_shop_crystal, uniq_blork_the_orc

Action                   |  1- 3 |  4- 6 |  7- 9 || total
-------------------------+-------+-------+-------++-------
Melee: Long sword        |   106 |   167 |       ||   273
  Use: Potion            |       |     4 |       ||     4
  Eat: Meat ration       |     1 |       |       ||     1
       Bread ration      |       |     1 |       ||     1
